 Dungeon Crawl Stone Soup version 0.28-a0-697-g47f3eba078 (webtiles) character file.

Game seed: 18099594136326647664

520 Marsius the Magician (level 7, -5/41 HPs)
             Began as an Octopode Hedge Wizard on Oct 23, 2021.
             Was a Follower of Yredelemnul.
             Killed by nerve-wracking pain
             ... invoked by Grinder
              (13 damage)
             ... on level 4 of the Dungeon.
             The game lasted 00:20:21 (6430 turns).

Marsius the Magician (Octopode Hedge Wizard)        Turns: 6430, Time: 00:20:22

Health: -5/41      AC:  1    Str:  9    XL:     7   Next: 21%
Magic:  11/15      EV: 13    Int: 19    God:    Yredelemnul [*.....]
Gold:   132        SH:  0    Dex: 11    Spells: 10/16 levels left

rFire   + . .      SeeInvis .   j - +2 short sword (drain)
rCold   . . .      Faith    .   (no shield)
rNeg    . . .      Spirit   .   b - +0 hat
rPois   .          Reflect  .   (no amulet)
rElec   .          Harm     .   f - ring of protection from fire
rCorr   .          Rampage  .   (no ring)
Will    .....                   (no ring)
Stlth   +++.......              (no ring)
HPRegen 0.13/turn               (no ring)
MPRegen 0.14/turn               (no ring)
                                (no ring)
                                (no ring)

@: no status effects
A: almost no armour, amphibious, 8 rings, camouflage 1, gelatinous body 1,
(nimble swimmer 1), tentacles
a: Renounce Religion, Animate Remains


You were on level 4 of the Dungeon.
You worshipped Yredelemnul.
Yredelemnul was aware of your devotion.
You visited 2 branches of the dungeon, and saw 5 of its levels.

You collected 132 gold pieces.

Inventory:

Hand Weapons
 a - a +0 dagger
 e - a +0 dagger of freezing
 j - a +2 short sword of draining (weapon)
 l - a +1 dagger of electrocution
 r - a +4 quarterstaff
Armour
 b - a +0 hat (worn)
 c - a +0 buckler
Jewellery
 f - a ring of protection from fire (left tentacle)
Scrolls
 i - a scroll of fear {unknown}
 k - a scroll of holy word {unknown}
 n - 2 scrolls of teleportation {unknown}
 o - a scroll of identify
 p - a scroll of noise {unknown}
 t - a scroll of silence {unknown}
 u - a scroll of immolation {unknown}
 w - a scroll of brand weapon {unknown}
Potions
 d - 5 potions of curing
 g - a potion of haste {unknown}
 h - a potion of brilliance {unknown}
 m - 2 potions of lignification {unknown}
 q - 2 potions of might {unknown}
 s - a potion of mutation {unknown}
 v - a potion of heal wounds {unknown}


   Skills:
 - Level 2.3 Dodging
 - Level 2.6 Stealth
 - Level 0.9 Shields
 * Level 5.4 Spellcasting
 * Level 4.9 Conjurations
 - Level 1.4 Summonings
 - Level 1.1 Translocations


You had 10 spell levels left.
You knew the following spells:

 Your Spells              Type           Power      Damage    Failure   Level
a - Magic Dart            Conj           96%        1d7       1%          1
b - Call Imp              Summ           10%        N/A       10%         2
c - Conjure Flame         Conj/Fire      14%        6-21      13%         3

Your spell library contained the following spells:

 Spells                   Type           Power      Damage    Failure   Level
 Blink                    Tloc           N/A        N/A       12%         2
 Slow                     Hex            5%         N/A       19%         2
 Mephitic Cloud           Conj/Pois/Air  11%        N/A       19%         3
 Call Canine Familiar     Summ           10%        N/A       21%         3
 Portal Projectile        Hex/Tloc       14%        N/A       28%         3
 Leda's Liquefaction      Hex/Erth       2%         N/A       75%         4


Dungeon Overview and Level Annotations

Branches:
Dungeon (4/15)             Temple (1/1) D:4

Altars:
Elyvilon
Kikubaaqudgha
Qazlal
Yredelemnul

Shops:
D:1 [

Annotations:
D:4 Grinder


Innate Abilities, Weirdness & Mutations

You cannot wear most types of armour.
You are amphibious.
You can wear up to eight rings at the same time.
Your skin changes colour to match your surroundings (Stealth+).
Your rubbery body absorbs attacks. (AC +1, EV +1)
((You are camouflaged near water. (Stealth+)))
You have tentacles for arms and can constrict up to eight enemies at once.


Message History

You struggle to resist.
Your crimson imp hits Grinder.
You hit Grinder.
Grinder is moderately wounded.
You constrict Grinder. Grinder hits you.
You writhe in agony.
Your crimson imp blinks!
Grinder barely misses you.
You barely miss Grinder. You squeeze Grinder.
Grinder is heavily wounded.
You constrict Grinder, but do no damage.
Grinder hits you.
You writhe in agony.
You are too injured to fight recklessly!
You are too injured to fight recklessly!
You hit Grinder.
Grinder is heavily wounded.
You constrict Grinder.
Grinder struggles to blink free from constriction.
You hit Grinder.
Grinder is severely wounded.
You constrict Grinder. Grinder hits you.
You writhe in agony.
You hit Grinder. You squeeze Grinder, but do no damage.
Grinder is severely wounded.
You constrict Grinder.
Grinder blinks free!
The adder misses you.
Your crimson imp blinks!
Grinder barely misses you. The adder bites you.
Grinder rolls her eyes.
Grinder hits you.
You writhe in agony.
* * * LOW HITPOINT WARNING * * *
There is a stone staircase leading up, spattered with blood here.
You hit the adder. Your grab misses the adder. You squeeze the adder.
You kill the adder!
Yredelemnul accepts your kill. Grinder closely misses you.
Okay, then.
As you read the scroll labelled ZUNEGIOXTE, it crumbles to dust.
It is a scroll of identify.
d - 5 potions of curing Grinder gestures at you.
Pain shoots through your body!
You die...
Your body rises from the dead as a mindless zombie.

####.######
#####..........
#..............
#.............
#...".........
#............
#.......>....
###....@.......
##....55........
###..........#...#
##..........###
### ...........##
...........#
.>....#....#####
...####........###
..# #...........#


You could see Grinder (ally target) and a friendly crimson imp (summoned).

Vanquished Creatures
  Sigmund (D:3)
  A scorpion (D:4)
  A water moccasin skeleton (D:4)
  A howler monkey (D:3)
  An orc priest (D:4)
  A bullfrog skeleton (D:4)
  A hound skeleton (D:4)
  6 adders
  3 worms
  2 dart slugs
  2 orcs
  7 ball pythons
  An endoplasm (D:3)
  2 giant cockroaches (D:1)
  9 goblins
  5 hobgoblins
  4 quokkas
  2 bats (D:2)
  8 kobolds
  6 rats
64 creatures vanquished.

Vanquished Creatures (collateral kills)
  An adder (D:2)
  A hobgoblin (D:1)
  3 jackals (D:1)
  A kobold (D:1)
  A quokka (D:1)
7 creatures vanquished.

Grand Total: 71 creatures vanquished

Notes
Turn   | Place    | Note
-------+----------+-------------------------------------------
     0 | D:1      | Marsius the Octopode Hedge Wizard began the quest for the
                  | Orb.
     0 | D:1      | Reached XP level 1. HP: 11/11 MP: 4/4
    55 | D:1      | Found Ixiq Ret's Armour Boutique.
   327 | D:1      | Reached XP level 2. HP: 17/17 MP: 4/6
   362 | D:1      | Learned a level 2 spell: Call Imp
  1566 | D:1      | Reached XP level 3. HP: 21/21 MP: 1/7
  1932 | D:1      | Found a faded altar of an unknown god.
  1938 | D:1      | Prayed at the altar of an unknown god.
  1938 | D:1      | Became a worshipper of Yredelemnul the Dark
  1938 | D:1      | Reached * piety under Yredelemnul
  3211 | D:2      | Reached XP level 4. HP: 27/27 MP: 6/9
  3289 | D:2      | Learned a level 3 spell: Conjure Flame
  4052 | D:3      | Noticed Sigmund
  4877 | D:3      | Killed Sigmund
  4878 | D:3      | Reached skill level 4 in Spellcasting
  4878 | D:3      | Reached XP level 5. HP: 11/31 MP: 1/12
  4878 | D:3      | Reached XP level 6. HP: 12/36 MP: 1/13
  5952 | D:4      | Reached skill level 5 in Spellcasting
  6239 | D:4      | Found a staircase to the Ecumenical Temple.
  6248 | Temple   | Entered the Ecumenical Temple
  6291 | D:4      | Reached XP level 7. HP: 41/41 MP: 9/14
  6408 | D:4      | Noticed Grinder
  6413 | D:4      | Paralysed by Grinder for 3 turns
  6430 | D:4      | Killed from afar by Grinder

Illustrated notes

Levels and vault maps discovered:
D:1:      heliophobic_arrival_ceremonial_halls, layout_rooms,
          serial_corexii_hall, corexii_hall_statues_deadend,
          corexii_hall_statues_i, shapermc_ecumenical_altar_mp_vishouse,
          serial_shops, shop, minmay_tall_x
D:2:      layout_basic
D:3:      layout_basic, dk_noncrumbling_3, grunt_ministairs_13,
          grunt_decor_one_mirror, kennysheep_generic_room_14, uniq_sigmund
D:4:      layout_cave_pods, minmay_temple_entry_butterflies, uniq_grinder
Temple:   compressed_dpeg_circular_temple

Skill      XL: |  1  2  3  4  5  6 |
---------------+-------------------+-----
Conjurations   | 2 3 4 |  4.9
Spellcasting   | 4 5 |  5.4
Dodging        | |  2.3
Stealth        | |  2.6
Shields        | |  0.9
Summonings     | |  1.4
Translocations | |  1.1

Action                   |  1- 3 |  4- 6 |  7- 9 || total
-------------------------+-------+-------+-------++-------
Melee: Dagger            |    28 |       |       ||    28
       Constrict         |    11 |     7 |     2 ||    20
       Tentacles         |     3 |     3 |     3 ||     9
       Short sword       |     7 |    33 |    10 ||    50
 Cast: Magic Dart        |    71 |    56 |    11 ||   138
       Call Imp          |     7 |     3 |     2 ||    12
       Conjure Flame     |       |     4 |       ||     4
  Use: Scroll            |       |       |     1 ||     1
 Stab: Sleeping          |       |     1 |       ||     1
Armor: Skin              |       |     2 |       ||     2
Dodge: Dodged            |    28 |    34 |     5 ||    67
Block: Buckler           |     1 |       |       ||     1

Table legend: (Time is in decaauts)
 A = Elapsed time spent in this place.
 B = Non-inter-level travel time spent in this place.
 C = Inter-level travel time spent in this place.
 D = Time resting spent in this place.
 E = Time spent auto-exploring this place.
 F = Levels seen in this place.
 G = Mean time per level.
                   A        B        C        D        E       F      G
               +--------+--------+--------+--------+--------+-----+--------+
         Total |   6438 |   6343 |     95 |   3265 |   2103 |   5 | 1287.6 |
       Dungeon |   6436 |   6341 |     95 |   3265 |   2103 |   4 | 1609.0 |
        Temple |      1 |      1 |      0 |      0 |      0 |   1 |    1.0 |
               +--------+--------+--------+--------+--------+-----+--------+

Top non-repeatable levels by time:
     D:1: 2148 daAuts
     D:3: 2002 daAuts
     D:2: 1744 daAuts
     D:4: 541 daAuts
  Temple: 1 daAuts
